 Dungeon Crawl Stone Soup version 0.19.4-25-g1b72edd (webtiles) character file.

116 ChoB the Digger (level 5, 0/32 HPs)
             Began as an Octopode Earth Elementalist on Feb 28, 2017.
             Slain by an orc wizard
             ... wielding a +0 dagger
              (1 damage)
             ... on level 3 of the Dungeon.
             The game lasted 00:12:18 (3848 turns).

ChoB the Digger (Octopode Earth Elementalist)       Turns: 3848, Time: 00:12:19

Health: 0/32       AC:  1    Str:  9    XL:     5   Next: 1%
Magic:  4/9        EV: 13    Int: 17    God:
Gold:   136        SH:  0    Dex: 12    Spells: 2 memorised, 6 levels left

rFire  . . .     SeeInvis .     g - +1 short sword
rCold  . . .     Gourm    .     (no shield)
rNeg   . . .     Faith    .     (helmet restricted)
rPois  .         Spirit   .     (no amulet)
rElec  .         Reflect  .     (no ring)
rCorr  .         Harm     .     (no ring)
MR     .....                    (no ring)
Stlth  +++.......               (no ring)
                                (no ring)
                                (no ring)
                                (no ring)
                                (no ring)

@: slowed, very slow
A: almost no armour, stealthy swim, amphibious, 8 rings, constrict 8, camouflage
1, gelatinous body 1
a: no special abilities


You were on level 3 of the Dungeon.
You were not hungry.

You visited 1 branch of the dungeon, and saw 4 of its levels.

You collected 136 gold pieces.

Inventory:

Hand Weapons
 f - a +0 dagger
 g - a +1 short sword (weapon)
Missiles
 b - 131 stones (quivered)
 l - 7 tomahawks
Wands
 t - a wand of disintegration (13/24)
Scrolls
 m - 2 scrolls of remove curse
Potions
 h - a potion of might {unknown}
 n - a potion of agility {unknown}
 r - a potion of brilliance
 s - a potion of magic {unknown}
 v - a potion of berserk rage {unknown}
Books
 d - a book of Geomancy

   Spells                             Type                      Level
   a - Sandblast                      Earth                        1
   b - Passwall                       Transmutation/Earth          2
   c - Stone Arrow                    Conjuration/Earth            3
   d - Petrify                        Transmutation/Earth          4
   e - Lee's Rapid Deconstruction     Earth                        5
Comestibles
 c - a bread ration
 j - a beef jerky
 q - 3 meat rations


   Skills:
 + Level 0.4 Fighting
 + Level 1.1 Short Blades
 + Level 2.4 Dodging
 + Level 3.5 Stealth
 + Level 2.9 Spellcasting
 + Level 1.1 Transmutations
 + Level 4.0 Earth Magic


You had 6 spell levels left.
You knew the following spells:

 Your Spells              Type           Power        Failure   Level  Hunger
a - Sandblast             Erth           ###...       3%          1    None
b - Passwall              Tmut/Erth      ##........   12%         2    ##.....


Dungeon Overview and Level Annotations

Branches:
Dungeon (4/15)
 Temple: D:4-7

Altars:
Cheibriados
The Shining One

Annotations:
D:3 eXcel's ghost, amateur OgBe


Innate Abilities, Weirdness & Mutations

You cannot wear most types of armour.
You are very stealthy in the water. (Stealth+)
You are amphibious.
You can wear up to eight rings at the same time.
You can use your tentacles to constrict eight enemies at once.
Your skin changes colour to match your surroundings (Stealth+).
Your rubbery body absorbs attacks. (AC +1, EV +1)


Message History

The orc wizard hits you with a dagger.
* * * LOW HITPOINT WARNING * * *
Casting: Sandblast
Confirm with . or Enter, or press ? or * to list all spells.
Aiming: Sandblast
Press: ? - help, Shift-Dir - straight line, f/p - orc wizard
Aim: an orc wizard, wielding a dagger and wearing a robe (almost dead, fast)
The blast of sand hits the orc wizard.
The orc wizard is almost dead.
The orc wizard barely misses you. The orc wizard misses you.
Casting: Sandblast
Confirm with . or Enter, or press ? or * to list all spells.
Aiming: Sandblast
Press: ? - help, Shift-Dir - straight line, f/p - orc wizard
Aim: an orc wizard, wielding a dagger and wearing a robe (almost dead, fast)
The blast of sand hits the orc wizard.
The orc wizard is almost dead.
The orc wizard gestures at you while chanting.
You resist with some effort. The orc wizard hits you with a dagger.
You die...

.. #######.# #.......# .
#.......# ... #........
....### #........
.......#########........
(.....o@.>)....)........
....(..##.######........
..(.... #.# #.######.
.§.....##.# #.######.
≈≈≈§≈.≈≈≈≈≈#####........
≈####'# ##≈...))........
≈. #######........ ..
#..# #........ ##Z#
#........


You could see an orc wizard.

Vanquished Creatures
  A hound skeleton (D:3)
  A worker ant zombie (D:3)
  4 adders
  An adder skeleton (D:3)
  4 orcs (D:3)
  4 giant cockroaches
  4 goblins
  7 hobgoblins
  4 jackals
  A quokka (D:3)
  5 bats
  2 frilled lizards (D:2)
  6 kobolds
  A quokka zombie (D:3)
  5 rats
50 creatures vanquished.

Notes
Turn   | Place    | Note
-------+----------+-------------------------------------------
     0 | D:1      | ChoB the Octopode Earth Elementalist began the quest for the Orb.
     0 | D:1      | Reached XP level 1. HP: 11/11 MP: 3/3
   457 | D:1      | Reached XP level 2. HP: 17/17 MP: 5/5
   461 | D:1      | Learned a level 2 spell: Passwall
   704 | D:2      | Found a snail-covered altar of Cheibriados.
  1587 | D:2      | Reached XP level 3. HP: 14/21 MP: 4/6
  2197 | D:2      | Found a glowing golden altar of the Shining One.
  2753 | D:3      | Reached XP level 4. HP: 23/27 MP: 3/7
  3116 | D:3      | Reached skill level 1 in Short Blades
  3281 | D:3      | Noticed eXcel's ghost (amateur OgBe)
  3360 | D:3      | Reached skill level 4 in Earth Magic
  3555 | D:4      | Noticed an ogre
  3581 | D:3      | Reached XP level 5. HP: 8/32 MP: 2/9
  3846 | D:3      | HP: 1/32 [orc wizard/dagger (4)]
  3848 | D:3      | Slain by an orc wizard

Skill      XL: |  1  2  3  4 |
---------------+-------------+-----
Stealth        | 3 |  3.5
Short Blades   | 1 |  1.1
Earth Magic    | 4 |  4.0
Fighting       | |  0.4
Dodging        | |  2.4
Spellcasting   | |  2.9
Transmutations | |  1.1

Action                   |  1- 3 |  4- 6 || total
-------------------------+-------+-------++-------
Melee: Constrict         |    19 |     9 ||    28
       Short sword       |    43 |    31 ||    74
       Tentacles         |    11 |     1 ||    12
       Dagger            |     3 |       ||     3
       Unarmed           |     1 |       ||     1
Throw: Stone             |       |     5 ||     5
 Cast: Sandblast         |    15 |    37 ||    52
       Passwall          |       |     2 ||     2
  Use: Scroll            |       |     7 ||     7
       Potion            |       |     1 ||     1
 Stab: Sleeping          |     3 |     1 ||     4
  Eat: Chunk             |     4 |     1 ||     5
       Bread ration      |     1 |       ||     1
Armor: Skin              |    10 |     5 ||    15
Dodge: Dodged            |    52 |    71 ||   123
